 Dungeon Crawl Stone Soup version 0.29-a0-492-g10b964d8d7 (webtiles) character file.

Game seed: 14732156701769466849

7977 Morbidden the Zephyrmancer (level 11, -5/62 HPs)
             Began as a Tengu Air Elementalist on May 27, 2022.
             Was a Believer of Vehumet.
             Slain by a brown ugly thing (6 damage)
             ... on level 10 of the Dungeon.
             The game lasted 00:14:50 (10751 turns).

Morbidden the Zephyrmancer (TeAE)                  Turns: 10751, Time: 00:14:50

Health: -5/62      AC: 12    Str:  9    XL:     11   Next: 23%
Magic:  15/23      EV: 15    Int: 19    God:    Vehumet [**....]
Gold:   154        SH:  0    Dex: 15    Spells: 13/24 levels left

rFire   . . .      SeeInvis .   b - +5 dagger (elec)
rCold   . . .      Faith    .   (no shield)
rNeg    . . .      Spirit   .   m - +2 ring mail {Will+}
rPois   .          Reflect  .   (helmet restricted)
rElec   .          Harm     .   A - scarf {repulsion}
rCorr   .          Rampage  .   (no gloves)
Will    +....                   (boots unavailable)
Stlth   ++........              K - amulet of magic regeneration
HPRegen 0.20/turn               c - +4 ring of protection
MPRegen 0.58/turn               d - +4 ring of slaying

@: flying quickly and evasively, studying Ice Magic, repel missiles, quick
A: beak, talons 3, nimble flight
a: Renounce Religion


You were on level 10 of the Dungeon.
You worshipped Vehumet.
Vehumet was pleased with you.
You visited 2 branches of the dungeon, and saw 11 of its levels.

You collected 538 gold pieces.
You spent 384 gold pieces at shops.

Inventory:

Hand Weapons
 a - a +1 dagger of speed
 b - a +5 dagger of electrocution (weapon)
 M - a +2 dagger of venom
Missiles
 y - 2 javelins
 F - 5 boomerangs
Armour
 m - a +2 ring mail of willpower (worn)
 q - +0 fire dragon scales
 A - a scarf of repulsion (worn)
Jewellery
 c - a +4 ring of protection (left hand)
 d - a +4 ring of slaying (right hand)
 B - a ring of ice
 J - a +6 ring of strength
 K - an amulet of magic regeneration (around neck)
 L - the ring "Plog" {Ice rCorr}
   (You found it on level 8 of the Dungeon)

   [ring of ice]

   It enhances your ice magic.
   rF:        It makes you vulnerable to fire.
   rC:        It protects you from cold.
   rCorr:     It protects you from acid and corrosion.
 N - a ring of positive energy
 O - a +4 ring of slaying
 P - a +4 ring of evasion
Wands
 s - a wand of flame (36)
 H - a wand of iceblast (7)
 I - a wand of acid (3)
Scrolls
 f - a scroll of blinking {unknown}
 h - 11 scrolls of identify {unknown}
 j - 6 scrolls of teleportation {unknown}
 n - a scroll of enchant armour {unknown}
 o - a scroll of noise {unknown}
 p - a scroll of silence {unknown}
 r - 2 scrolls of magic mapping {unknown}
 v - 3 scrolls of fear {unknown}
 x - a scroll of enchant weapon {unknown}
 C - 2 scrolls of poison {unknown}
 D - a scroll of fog {unknown}
 G - a scroll of vulnerability {unknown}
Potions
 e - 3 potions of might {unknown}
 g - 2 potions of brilliance {unknown}
 i - 3 potions of heal wounds
 k - a potion of lignification {unknown}
 l - 3 potions of attraction
 t - a potion of degeneration {unknown}
 u - 6 potions of curing
 w - 2 potions of flight {unknown}
 z - 2 potions of haste {unknown}
 E - a potion of magic


   Skills:
 * Level 4.7 Fighting
 * Level 6.8 Short Blades
 + Level 4.4 Armour
 * Level 7.0 Dodging
 + Level 2.8 Stealth
 + Level 0.4 Unarmed Combat
 * Level 7.3 Spellcasting
 * Level 7.7 Conjurations
 * Level 10.3 Air Magic
 * Level 4.5 Poison Magic


You had 13 spell levels left.
You knew the following spells:

 Your Spells              Type           Power      Damage    Failure   Level
a - Airstrike             Air            23%        N/A       3%          4
b - Static Discharge      Conj/Air       41%        N/A       1%          2
c - Shock                 Conj/Air       100%       1d9       1%          1
d - Olgreb's Toxic Radia  Pois           24%        N/A       36%         4

Your spell library contained the following spells:

 Spells                   Type           Power      Damage    Failure   Level
 Scorch                   Fire           12%        2d5       36%         2
 Poisonous Vapours        Pois/Air       70%        N/A       1%          2
 Swiftness                Air            46%        N/A       1%          3
 Sting                    Tmut/Pois      60%        1d6       10%         1
 Ensorcelled Hibernation  Hex/Ice        12%        N/A       36%         2
 Passwall                 Tmut/Erth      5%         N/A       36%         2
 Ozocubu's Armour         Ice            6%         N/A       58%         3
 Portal Projectile        Hex/Tloc       12%        N/A       58%         3
 Tukima's Dance           Hex            6%         N/A       58%         3
 Petrify                  Tmut/Erth      6%         N/A       94%         4
 Blade Hands              Tmut           3%         N/A       100%        5
 Metabolic Englaciation   Hex/Ice        3%         N/A       100%        5
 Statue Form              Tmut/Erth      4%         N/A       100%        6
 Ozocubu's Refrigeration  Ice            3%         4d5       100%        7
 Chain Lightning          Conj/Air       20%        3d27      100%        9
 Fire Storm               Conj/Fire      10%        8d3       100%        9
 Shatter                  Erth           3%         3d7*      100%        9


Dungeon Overview and Level Annotations

Branches:
Dungeon (10/15)            Temple (1/1) D:7             Orc (0/2) D:9
   Lair: D:8-11

Altars:
Ashenzari
Cheibriados
Dithmenos
Elyvilon
Fedhas
Gozag
Hepliaklqana
Kikubaaqudgha
Makhleb
Nemelex Xobeh
Okawaru
Qazlal
Ru
Sif Muna
Trog
Uskayaw
Vehumet
Wu Jian
Xom
Yredelemnul
Zin
The Shining One

Shops:
D:3 (   D:6 =   D:8 *   D:9 (

Annotations:
D:5 3 runed translucent doors, Colgate's ghost, novice KoBr


Innate Abilities, Weirdness & Mutations

You have a beak for a mouth.
You have claws for feet.
Your magical nature lets you fly swiftly and evasively.


Message History

Aim: an ogre mage, wielding a +0 whip and wearing a +0 robe (asleep, empty space bonus: 1/8)
The air twists around and strikes the ogre mage!
The ogre mage shouts!
The ogre mage is moderately wounded.
You hear a horrible gurgling sound!
A brown ugly thing comes into view.
There are monsters nearby!
Casting: Airstrike (dangerous; 3% risk of failure)
Confirm with . or Enter, or press ? or * to list all spells.
Aiming: Airstrike (dangerous; 3% risk of failure)
Press: ? - help, Dir - move target, f/p - ogre mage
Aim: an ogre mage, wielding a +0 whip and wearing a +0 robe (lightly wounded, empty space bonus: 3/8)
The air twists around and strikes the ogre mage!
The ogre mage is moderately wounded.
The ogre mage gestures at you while chanting.
You suddenly lose the ability to move!
The ogre mage hits you with a +0 whip! The brown ugly thing engulfs you.
You are splashed with acid!
The brown ugly thing engulfs you.
You are splashed with acid.
The ogre mage hits you with a +0 whip! The brown ugly thing engulfs you!
* * * LOW HITPOINT WARNING * * *
You are splashed with acid!
* * * LOW HITPOINT WARNING * * *
The ogre mage gestures wildly while chanting.
The ogre mage flickers and vanishes!
Deactivating autopickup; reactivate with Ctrl-A.
The brown ugly thing barely misses you.
You can move again.
Casting: Airstrike (dangerous; 3% risk of failure)
Confirm with . or Enter, or press ? or * to list all spells.
Aiming: Airstrike (dangerous; 3% risk of failure)
Press: ? - help, Dir - move target, f - brown ugly thing
Aim: a brown ugly thing (empty space bonus: 3/8)
The air twists around and strikes the brown ugly thing!
The brown ugly thing is lightly wounded.
Something hits you.
* * * LOW HITPOINT WARNING * * *
The brown ugly thing engulfs you.
You die...

#...#.##...#
#...#.##...#
#...#.##...#
#..['.##...# #
#...#.##...# #
########.#######
...........†## .#.
..#..........#
#{##.#
..#..........###@u.#
..#..........##.##.#
..#............## .#
.............##.# #
############## ##


You could see a brown ugly thing.

Vanquished Creatures
  2 komodo dragons
  A hornet (D:9)
  Prince Ribbit (D:8)
  2 wraiths
  12 yaks
  3 wyverns (D:9)
  3 steam dragons
  4 vampire mosquitoes (D:10)
  3 water moccasins
  3 orc warriors
  A sky beast (D:7)
  4 ice beasts
  3 centaurs
  3 phantoms
  A kobold brigand (D:8)
  A bullfrog (D:8)
  A gnoll sergeant (D:7)
  2 scorpions
  11 wights
  3 killer bees (D:10)
  3 howler monkeys
  2 hounds
  3 jellies
  7 orc priests
  3 gnoll shamans
  2 iguanas
  16 orc wizards
  12 gnolls
  3 adders
  5 dart slugs
  46 orcs
  4 endoplasms
  3 giant cockroaches (D:1)
  3 goblins
  3 hobgoblins
  4 jackals (D:2)
  2 quokkas (D:4)
  3 ball pythons
  8 bats
  3 frilled lizards (D:1)
  6 kobolds
  7 rats
212 creatures vanquished.

Vanquished Creatures (others)
  A plant (D:7)
1 creature vanquished.

Grand Total: 213 creatures vanquished

Notes
Turn   | Place    | Note
-------+----------+-------------------------------------------
     0 | D:1      | Morbidden the Tengu Air Elementalist began the quest for
                  | the Orb.
     0 | D:1      | Reached XP level 1. HP: 10/10 MP: 4/4
   217 | D:1      | Reached XP level 2. HP: 15/15 MP: 3/6
   509 | D:1      | Learned a level 2 spell: Static Discharge
   601 | D:1      | Reached XP level 3. HP: 20/20 MP: 5/7
  1225 | D:2      | Found a faded altar of an unknown god.
  2046 | D:3      | Found Onurghu's Weapon Shoppe.
  2145 | D:3      | You fall into a shaft and drop 2 floors!
  2145 | D:5      | Entered Level 5 of the Dungeon
  2155 | D:5      | Reached skill level 5 in Air Magic
  2155 | D:5      | Reached XP level 4. HP: 20/24 MP: 8/8
  2227 | D:5      | Noticed a scorpion
  2238 | D:5      | Reached skill level 1 in Fighting
  2242 | D:5      | Killed a scorpion
  2243 | D:5      | Gained mutation: Your magical nature lets you fly swiftly
                  | and evasively. [Tengu growth]
  2243 | D:5      | Reached XP level 5. HP: 13/29 MP: 1/10
  2476 | D:5      | Noticed a phantom
  2490 | D:5      | Reached skill level 1 in Short Blades
  2496 | D:5      | Killed a phantom
  2497 | D:5      | Reached skill level 1 in Armour
  2497 | D:5      | Reached XP level 6. HP: 21/34 MP: 6/11
  2767 | D:4      | Reached XP level 7. HP: 39/39 MP: 12/12
  3187 | D:4      | Learned a level 4 spell: Airstrike
  3308 | D:5      | Found a hazy altar of Hepliaklqana.
  3311 | D:5      | Found a stormy altar of Qazlal.
  3317 | D:5      | Learned a level 4 spell: Olgreb's Toxic Radiance
  3319 | D:5      | Found a white marble altar of Elyvilon.
  3320 | D:5      | Found a blossoming altar of Fedhas.
  3322 | D:5      | Found a glowing golden altar of the Shining One.
  3331 | D:5      | Found a burning altar of Makhleb.
  3334 | D:5      | Found a broken altar of Ashenzari.
  3336 | D:5      | Found a shimmering blue altar of Sif Muna.
  3414 | D:5      | Reached skill level 6 in Air Magic
  3630 | D:5      | Found a runed translucent gate.
  3630 | D:5      | Found a runed translucent gate.
  3630 | D:5      | Found a runed translucent gate.
  3631 | D:5      | Noticed Colgate's ghost (novice KoBr)
  4112 | D:5      | Reached skill level 1 in Poison Magic
  4112 | D:5      | Reached XP level 8. HP: 20/45 MP: 12/14
  4972 | D:6      | Found Piygid's Jewellery Shop.
  5354 | D:6      | Reached skill level 5 in Dodging
  5354 | D:6      | Reached skill level 5 in Conjurations
  5588 | D:6      | Reached skill level 7 in Air Magic
  5588 | D:6      | Reached XP level 9. HP: 48/51 MP: 16/16
  6126 | D:7      | Found a staircase to the Ecumenical Temple.
  6153 | Temple   | Entered the Ecumenical Temple
  6335 | Temple   | Became a worshipper of Vehumet
  6367 | D:7      | Reached skill level 5 in Spellcasting
  7231 | D:8      | Found Xieku's General Store.
  7246 | D:8      | Reached skill level 8 in Air Magic
  7251 | D:8      | Reached * piety under Vehumet
  7251 | D:8      | Offered knowledge of Freeze by Vehumet.
  7393 | D:8      | Identified the ring "Plog" {Ice rCorr}
  8060 | D:8      | Noticed Prince Ribbit
  8070 | D:8      | Killed Prince Ribbit
  8071 | D:8      | Reached XP level 10. HP: 48/56 MP: 10/19
  8098 | D:8      | Reached skill level 5 in Short Blades
  8559 | D:9      | Offered knowledge of Foxfire by Vehumet.
  9019 | D:9      | Reached skill level 9 in Air Magic
  9030 | D:9      | Reached ** piety under Vehumet
  9176 | D:9      | Found a staircase to the Orcish Mines.
  9178 | D:9      | Found Syak's Weapon Boutique.
  9244 | D:9      | Bought a +5 dagger of electrocution for 384 gold pieces
  9561 | D:9      | Reached skill level 10 in Air Magic
  9564 | D:9      | Reached XP level 11. HP: 48/62 MP: 22/22
 10013 | D:10     | Entered Level 10 of the Dungeon
 10201 | D:10     | Offered knowledge of Scorch by Vehumet.
 10744 | D:10     | Noticed an ogre mage
 10745 | D:10     | Noticed a brown ugly thing
 10746 | D:10     | Paralysed by an ogre mage for 5 turns
 10749 | D:10     | HP: 2/62 [acid (8)]
 10751 | D:10     | Slain by a brown ugly thing

Illustrated notes

Levels and vault maps discovered:
D:1:      nzn_arrival_water_spiral, layout_loops_ring
D:2:      layout_basic, nicolae_ecumenical_lake_church
D:3:      layout_rooms, serial_shops, nicolae_shop_bloodbath_and_beyond
D:4:      layout_cave_pools
D:5:      layout_basic, nicolae_overflow_hallway_of_the_gods,
          ebering_ghost_rock_garden, kennysheep_doodads,
          minmay_misc_feat_more_columns, dk_noncrumbling_3, roderic_batcave,
          dk_vineyard_3, chequers_serial_rivers_micro_b, minivault_19
D:6:      layout_cave_pools, serial_shops, nicolae_square_shop,
          grunt_decor_one_mirror, minmay_manual_mullet
D:7:      layout_rooms, minmay_temple_entry_gardened_gates, st_stairs_2
D:8:      layout_loops_corners, serial_shops,
          nicolae_shop_temple_entry_statues_fountains, uniq_prince_ribbit1
D:9:      layout_basic, orc_david_3
D:10:     minmay_cornered_nines, layout_stronghold
Temple:   eino_narrow_crystal_temple

Skill      XL: |  1  2  3  4  5  6  7  8  9 10 11 |
---------------+----------------------------------+-----
Conjurations   | 2 3 4 5 6 7 |  7.7
Air Magic      | 5 6 7 8 10 | 10.3
Fighting       | 1 2 3 4 |  4.7
Short Blades   | 1 2 3 4 6 |  6.8
Dodging        | 3 4 5 6 7 |  7.0
Armour         | 1 2 3 4 |  4.4
Spellcasting   | 3 4 5 6 7 |  7.3
Poison Magic   | 1 2 3 4 |  4.5
Stealth        | |  2.8
Unarmed Combat | |  0.4

Action                   |  1- 3 |  4- 6 |  7- 9 | 10-12 || total
-------------------------+-------+-------+-------+-------++-------
Melee: Unarmed           |    20 |       |       |       ||    20
       Kick              |    15 |     3 |    81 |    33 ||   132
       Peck              |     4 |     7 |    41 |    26 ||    78
       Dagger            |    24 |    18 |   215 |   106 ||   363
       Punch             |       |       |     2 |     3 ||     5
 Cast: Shock             |    40 |    38 |   157 |    22 ||   257
       Static Discharge  |       |       |     2 |       ||     2
       Airstrike         |       |       |     3 |    57 ||    60
  Use: Potion            |       |     3 |       |       ||     3
 Stab: Sleeping          |     1 |     1 |     1 |       ||     3
       Distracted        |     1 |       |       |     1 ||     2
Armor: Robe              |    13 |       |       |       ||    13
       Ring mail         |     2 |    14 |    53 |    22 ||    91
Dodge: Dodged            |    26 |    10 |   114 |    52 ||   202
       Repelled          |       |       |       |     2 ||     2

Table legend: (Time is in decaauts)
 A = Elapsed time spent in this place.
 B = Non-inter-level travel time spent in this place.
 C = Inter-level travel time spent in this place.
 D = Time resting spent in this place.
 E = Time spent auto-exploring this place.
 F = Levels seen in this place.
 G = Mean time per level.
                   A        B        C        D        E       F      G
               +--------+--------+--------+--------+--------+-----+--------+
         Total |  10201 |  10016 |    185 |    630 |   7988 |  11 |  927.4 |
       Dungeon |  10023 |   9873 |    150 |    630 |   7853 |  10 | 1002.3 |
        Temple |    178 |    143 |     35 |      0 |    135 |   1 |  178.0 |
               +--------+--------+--------+--------+--------+-----+--------+

Top non-repeatable levels by time:
     D:5: 1980 daAuts
     D:8: 1492 daAuts
     D:9: 1440 daAuts
     D:6: 1233 daAuts
     D:2: 995 daAuts
     D:1: 862 daAuts
    D:10: 695 daAuts
     D:7: 665 daAuts
     D:4: 378 daAuts
     D:3: 279 daAuts
  Temple: 178 daAuts
